 Dungeon Crawl Stone Soup version 0.28-a0-895-g6e5f11bd55 (webtiles) character file.

Game seed: 12444818293883706465

45 demibob the Chopper (level 3, -1/31 HPs)
             Began as a Hill Orc Fighter on Nov 22, 2021.
             Slain by an orc (3 damage)
             ... on level 2 of the Dungeon.
             The game lasted 00:01:28 (1615 turns).

demibob the Chopper (Hill Orc Fighter)              Turns: 1615, Time: 00:01:30

Health: -1/31      AC:  6    Str: 19    XL:     3   Next: 64%
Magic:  3/3        EV:  9    Int:  8    God:
Gold:   67         SH:  4    Dex: 10    Spells: 2/2 levels left

rFire   . . .      SeeInvis .   a - +0 war axe
rCold   . . .      Faith    .   c - +0 buckler
rNeg    . . .      Spirit   .   b - +0 scale mail
rPois   .          Reflect  .   (no helmet)
rElec   .          Harm     .   (no cloak)
rCorr   .          Rampage  .   (no gloves)
Will    .....                   (no boots)
Stlth   ..........              (no amulet)
HPRegen 0.10/turn               (no ring)
MPRegen 0.08/turn               (no ring)

@: mighty
A: no striking features
a: Convert to Beogh


You were on level 2 of the Dungeon.
You visited 1 branch of the dungeon, and saw 2 of its levels.

You collected 67 gold pieces.


   Skills:
 - Level 3.6 Fighting
 + Level 4.4 Axes
 - Level 3.2 Armour
 - Level 4.0 Shields


You had 2 spell levels left.
You didn't know any spells.
Your spell library was empty.

Inventory:

Hand Weapons
 a - a +0 war axe (weapon)
Armour
 b - a +0 scale mail (worn)
 c - a +0 buckler (worn)
Scrolls
 f - 2 scrolls of identify {unknown}
Potions
 e - 2 potions of haste {unknown}
 g - a potion of heal wounds {unknown}

Dungeon Overview and Level Annotations

Branches:
Dungeon (2/15)

Altars:

Shops:
D:2

[[ ......#........ ..o# .
.#.##.#)###+#### ...# .
##.#........>..# ...# .
#......[#.###.# ...+ ######.
###.........#.# ...# #....#.
########.#.###.####...# #.##...
.........#.#.......# #.....†
##########.#.##o###########....##
.... #.#...o@..........<.....
.... #........###########....
.... #........# #........ ####
#........# #.###.... #........#
#.# ####. #........#######.# .
#### #........#.......# . ...#
#........#.......# ...#
#...######.......#


You could see an orc priest and an orc.


Message History

The orc priest hits you with a +0 flail.
* * * LOW HITPOINT WARNING * * *
Unknown command.
You are too injured to fight recklessly!
Unknown command.
You are too injured to fight recklessly!
Unknown command.
The orc priest shouts, "Join the one true god or die!"
You hit the orc priest.
The orc priest is heavily wounded.
You barely miss the orc. The orc hits you with a +0 short sword.
* * * LOW HITPOINT WARNING * * *
The orc priest invokes the aid of Beogh against you.
Pain shoots through your body!
* * * LOW HITPOINT WARNING * * *
You feel very mighty all of a sudden. The orc hits you but does no damage.
The orc priest hits you with a +0 flail.
* * * LOW HITPOINT WARNING * * *
You closely miss the orc priest.
The orc priest is heavily wounded.
You hit the orc but do no damage. The orc closely misses you.
The orc priest barely misses you. You block the orc's attack.
The orc priest hits you with a +0 flail.
* * * LOW HITPOINT WARNING * * *
Unknown command.
You barely miss the orc priest.
The orc priest is heavily wounded.
You hit the orc but do no damage. The orc hits you with a +0 short sword.
You die...

Skill      XL: |  1  2  3 |
---------------+----------+-----
Axes           | 3 4 |  4.4
Shields        | 4 |  4.0
Fighting       | |  3.6
Armour         | |  3.2

Action                   || total
-------------------------++-------
Melee: War axe           ||    82
  Use: Potion            ||     1
Armor: Scale mail        ||    42
Dodge: Dodged            ||    32
Block: Buckler           ||    13

Levels and vault maps discovered:
D:1:      amcnicky_arrival_single_pillar, layout_loops_corners,
          hangedman_decor_lopped
D:2:      layout_basic, basic_ecumenical_altar, serial_curves, eino_curves_01,
          eino_curves_02, serial_shops, shop, nicolae_lakefront_shop,
          nicolae_shop_stone, nicolae_lakefront_shop

Notes
Turn   | Place    | Note
-------+----------+-------------------------------------------
     0 | D:1      | demibob the Hill Orc Fighter began the quest for the Orb.
     0 | D:1      | Reached XP level 1. HP: 19/19 MP: 1/1
   186 | D:1      | Reached skill level 3 in Axes
   272 | D:1      | Reached XP level 2. HP: 22/26 MP: 2/2
   631 | D:1      | Reached skill level 4 in Shields
   631 | D:1      | Reached XP level 3. HP: 27/31 MP: 3/3
  1156 | D:1      | Reached skill level 4 in Axes
  1406 | D:2      | Found Ivucu's Antique Armour Shop.
  1448 | D:2      | Found Haco's Armour Shop.
  1506 | D:2      | Found a faded altar of an unknown god.
  1614 | D:2      | HP: 2/31 [orc priest (4)]
  1615 | D:2      | Slain by an orc

Vanquished Creatures
  An adder (D:2)
  4 dart slugs (D:1)
  2 ball pythons
  A bat (D:1)
  3 endoplasms (D:1)
  4 goblins
  2 hobgoblins (D:1)
  4 kobolds (D:1)
  4 frilled lizards
  2 rats (D:1)
27 creatures vanquished.

Table legend: (Time is in decaauts)
 A = Elapsed time spent in this place.
 B = Non-inter-level travel time spent in this place.
 C = Inter-level travel time spent in this place.
 D = Time resting spent in this place.
 E = Time spent auto-exploring this place.
 F = Levels seen in this place.
 G = Mean time per level.
                   A        B        C        D        E       F      G
               +--------+--------+--------+--------+--------+-----+--------+
         Total |   1640 |   1613 |     27 |      6 |   1393 |   2 |  820.0 |
       Dungeon |   1640 |   1613 |     27 |      6 |   1393 |   2 |  820.0 |
               +--------+--------+--------+--------+--------+-----+--------+

Top non-repeatable levels by time:
     D:1: 1315 daAuts
     D:2: 325 daAuts

Table legend:
 A = Non-vault XP
 B = Vault XP
 C = Vault XP percentage of total XP
 D = Non-vault monster count
 E = Vault monster count
 F = Vault count percentage of total count
                 A         B        C        D         E       F
            +---------+---------+-------+---------+---------+-------
      Total |      65 |       0 |   0.0 |      27 |       0 |   0.0
            +---------+---------+-------+---------+---------+-------
        D:1 |      44 |       0 |   0.0 |      20 |       0 |   0.0
        D:2 |      21 |       0 |   0.0 |       7 |       0 |   0.0
            +---------+---------+-------+---------+---------+-------
